Map: Moondance

Players

BaconFarm - Winner!

  • Race: Terran Terran
  • League: Platinum
  • Spawn Location: 12:00

MattBarry

  • Race: Zerg Zerg
  • League: Gold
  • Spawn Location: 6:00

VOD

Have the link to the VOD?

Description

Time

  • Played on: Jan. 21, 2023, 2:32 a.m.
  • Length: 7:10
Show
View Real Time Build Order
Export as new Build Order

BaconFarm Terran - Winner!

Build Orders:  

Get SALT Encoding   

  12  0:03  SCV  
  13  0:15  SCV  
  13  0:17  Supply Depot  
  14  0:24  Refinery  
  14  0:29  SCV  
  15  0:41  Barracks  
  15  0:45  SCV  
  16  0:56  Supply Depot  
  16  1:00  SCV  
  17  1:12  SCV  
  17  1:15  Refinery  
  18  1:24  SCV  
  19  1:33  Barracks Reactor  
  19  1:38  Orbital Command  
  19  1:49  Factory  
  19  2:03  SCV  
  20  2:09  Marine x2  
  22  2:28  Bunker  
  22  2:35  Hellion  
  22  2:36  Marine x2  
  26  2:41  Starport  
  26  2:45  SCV  
  27  2:58  SCV  
  28  3:10  Barracks Tech Lab  
  28  3:20  Armory  
  28  3:23  Supply Depot  
  28  3:29  SCV  
  28  3:31  Concussive Shells  
  28  3:32  Hellion  
  31  3:40  Marauder, Hellion  
  35  3:45  Supply Depot  
  36  3:54  Hellion  
  37  4:06  Medivac  
  37  4:08  Hellion  
  41  4:12  Supply Depot  
  41  4:14  Marauder  
  43  4:23  Barracks  
  42  4:51  Hellion x2  
  46  4:56  Supply Depot  
  46  5:04  Stimpack  
  46  5:05  Starport Reactor  
  36  6:50  Engineering Bay  
  36  6:52  Engineering Bay  
  32  7:07  Command Center  
Show
View Real Time Build Order
Export as new Build Order

MattBarry Zerg 

Build Orders: Pool First, Zergling Baneling 

Get SALT Encoding   

  12  0:01  Drone  
  13  0:10  Drone  
  14  0:22  Extractor  
  13  0:29  Spawning Pool  
  13  0:31  Drone  
  13  0:37  Drone  
  14  0:52  Drone, Extractor  
  14  0:53  Overlord  
  15  1:15  Zergling x6  
  15  1:17  Queen  
  20  1:42  Hatchery  
  20  1:46  Zergling x2  
  20  2:02  Zergling x4  
  20  2:05  Metabolic Boost  
  22  2:22  Baneling Nest  
  22  2:25  Drone  
  22  2:28  Overlord  
  21  2:36  Extractor  
  20  2:38  Zergling x2, Evolution Chamber  
  20  2:43  Zergling x2  
  22  2:50  Zergling x4  
  25  3:09  Baneling x3  
  25  3:15  Baneling  
  25  3:20  Queen, Drone x3  
  25  3:24  Drone  
  31  3:34  Baneling x2  
  31  3:49  Drone  
  31  3:50  Zergling x6  
  31  3:52  Overlord  
  35  3:59  Baneling x2  
  35  4:11  Zergling x10  
  33  4:36  Drone x2  
  33  4:37  Drone x5  
  37  4:43  Queen  
  32  4:57  Roach Warren  
  31  5:03  Spore Crawler  
  31  5:05  Spore Crawler  
  29  5:11  Spore Crawler  
  29  5:13  Drone  
  29  5:14  Drone x2  
  31  5:24  Extractor  
  31  5:26  Lair  
  30  5:31  Drone x3  
  31  5:47  Roach x3  
  31  5:48  Roach  
  30  6:00  Roach x2  
  9  6:33  Roach  
Tags
 
Matchup
TvZ
Opening
Pool First
Replay Pack
Multiplayer
Spawn Locations
Cross Positions
Add a new tag
Caveats
  • Supply blocks, unpowered buildings, or Contaminate may cause inaccurate times.
  • Supply counts are checked every 10 seconds.